 Dungeon Crawl Stone Soup version 0.23.1 (webtiles) character file.

Game seed: 16450083578217799441

240 AxelLord the Slasher (level 6, -5/47 HPs)
             Began as a Merfolk Gladiator on Mar 8, 2019.
             Slain by an ogre
             ... wielding a +0 giant spiked club
              (10 damage)
             ... on level 5 of the Dungeon.
             The game lasted 00:10:50 (1402 turns).

AxelLord the Slasher (Merfolk Gladiator)            Turns: 1402, Time: 00:10:51

Health: -5/47      AC: 11    Str: 17    XL:     6   Next: 8%
Magic:  6/6        EV:  9    Int:  7    God:
Gold:   107        SH:  0    Dex: 15    Spells: 5/5 levels left

rFire    . . .     SeeInvis .   k - +0 scythe
rCold    . . .     Gourm    .   (shield currently unavailable)
rNeg     . . .     Faith    .   g - +0 chain mail
rPois    .         Spirit   .   c - +2 helmet
rElec    .         Reflect  .   (no cloak)
rCorr    .         Harm     .   (no gloves)
MR       .....                  (no boots)
Stlth    ..........             (no amulet)
HPRegen  0.15/turn              (no ring)
MPRegen  0.10/turn              (no ring)

@: lethally poisoned (-5 -> -7)
A: change form in water, swift swim, stealthy swim
a: no special abilities


You were on level 5 of the Dungeon.
You were not hungry.

You visited 2 branches of the dungeon, and saw 6 of its levels.

You collected 107 gold pieces.

Inventory:

Hand Weapons
 a - a +0 long sword
 k - a +0 scythe (weapon)
Missiles
 d - 3 throwing nets (quivered)
 h - 3 bolts
Armour
 c - a +2 helmet (worn)
 g - a +0 chain mail (worn)
 l - a +0 robe
Magical Staves
 i - an uncursed staff of summoning {unknown}
Scrolls
 b - a scroll of noise {unknown}
 e - a scroll of identify {unknown}
Potions
 j - a potion of haste {unknown}
Comestibles
 f - 2 rations


   Skills:
 + Level 3.1 Fighting
 + Level 5.8 Long Blades
 + Level 2.0 Throwing
 + Level 0.8 Armour
 + Level 5.4 Dodging
 + Level 0.2 Stealth


You had 5 spell levels left.
You didn't know any spells.
Your spell library was empty.

Dungeon Overview and Level Annotations

Branches:
Dungeon (5/15)             Temple (1/1) D:4

Altars:
Cheibriados
Dithmenos
Fedhas
Hepliaklqana
Nemelex Xobeh
Ru
Sif Muna
Trog
Vehumet
Xom
Yredelemnul
Zin
The Shining One


Message History

* * * LOW HITPOINT WARNING * * *
The adder skeleton closely misses you. The adder bites you.
* * * LOW HITPOINT WARNING * * *
The adder skeleton misses you. The ogre closely misses you.
You barely miss the adder. The adder bites you.
* * * LOW HITPOINT WARNING * * *
You are poisoned.
The adder poisons you! The adder skeleton bites you.
* * * LOW HITPOINT WARNING * * *
The adder bites you but does no damage. The ogre barely misses you.
The adder skeleton bites you but does no damage.
The adder bites you but does no damage.
You closely miss the adder.
You feel sick. The adder closely misses you.
The adder skeleton bites you but does no damage.
The ogre barely misses you. The adder bites you but does no damage.
The adder skeleton barely misses you. The adder closely misses you.
You feel sick.
The adder skeleton bites you but does no damage.
The ogre hits you with a +0 giant spiked club!
You die...

.##########
......>...#
.......=..#
..........#
..........#
..........#
.......Z.<#
......SO@.#
.##.#######
#


You could see an ogre, an adder and an adder skeleton.

Vanquished Creatures
  Sigmund (D:4)
  Terence (D:3)
  An adder (D:2)
  An ooze (D:1)
  A worm (D:3)
  A dart slug (D:1)
  3 leopard geckos
  3 giant cockroaches (D:1)
  4 hobgoblins
  9 jackals
  4 kobolds
  2 bats (D:1)
  2 frilled lizards (D:1)
  8 goblins
  2 rats (D:1)
  A fungus (D:2)
  A toadstool (D:2)
45 creatures vanquished.

Notes
Turn   | Place    | Note
-------+----------+-------------------------------------------
     0 | D:1      | AxelLord the Merfolk Gladiator began the quest for the Orb.
     0 | D:1      | Reached XP level 1. HP: 16/16 MP: 1/1
    49 | D:1      | Reached XP level 2. HP: 15/22 MP: 2/2
   245 | D:1      | Reached XP level 3. HP: 24/28 MP: 3/3
   462 | D:2      | Reached skill level 5 in Dodging
   472 | D:2      | Noticed Terence
   498 | D:3      | Killed Terence
   498 | D:3      | Reached XP level 4. HP: 17/34 MP: 4/4
   850 | D:4      | Noticed Sigmund
   864 | D:4      | Killed Sigmund
   864 | D:4      | Reached skill level 5 in Long Blades
   864 | D:4      | Reached XP level 5. HP: 16/41 MP: 5/5
   864 | D:4      | Reached XP level 6. HP: 18/47 MP: 6/6
  1145 | D:4      | Noticed a phantom
  1168 | D:4      | Found a staircase to the Ecumenical Temple.
  1177 | Temple   | Entered the Ecumenical Temple
  1390 | D:5      | Entered Level 5 of the Dungeon
  1402 | D:5      | Slain by an ogre

Skill      XL: |  1  2  3  4 |
---------------+-------------+-----
Long Blades    | 4 5 |  5.8
Dodging        | 5 |  5.4
Fighting       | 3 |  3.1
Throwing       | |  2.0
Armour         | |  0.8
Stealth        | |  0.2

Action                   |  1- 3 |  4- 6 || total
-------------------------+-------+-------++-------
Melee: Long sword        |   117 |    31 ||   148
       Scythe            |       |    14 ||    14
  Use: Scroll            |     2 |       ||     2
       Potion            |       |     1 ||     1
  Eat: Ration            |       |     1 ||     1
Armor: Leather armour    |     9 |       ||     9
       Chain mail        |    53 |    31 ||    84
Dodge: Dodged            |    66 |    35 ||   101
       Rpst.: Long sword |    19 |     5 ||    24
